 Dungeon Crawl Stone Soup version 0.24-a0-725-gf1a930fc54 (webtiles) character file.

Game seed: 5151201763084959300, levelgen mode: deterministic

1148 MalarOregon the Thaumaturge (level 8, 0/57 HPs)
             Began as a Red Draconian Conjurer on Oct 1, 2019.
             Slain by an orc wizard
             ... wielding a +0 rapier
              (5 damage)
             ... on level 6 of the Dungeon.
             The game lasted 00:14:37 (7740 turns).

MalarOregon the Thaumaturge (DrCj)                  Turns: 7740, Time: 00:14:37

Health: 0/57       AC:  7    Str: 11    XL:     8   Next: 15%
Magic:  1/21       EV: 12    Int: 18    God:
Gold:   253        SH:  0    Dex: 11    Spells: 11/25 levels left

rFire    + . .     SeeInvis .   C - +0 shortbow
rCold    . . .     Gourm    .   (shield currently unavailable)
rNeg     . . .     Faith    .   (armour unavailable)
rPois    .         Spirit   .   (helmet restricted)
rElec    .         Reflect  .   (no cloak)
rCorr    .         Harm     .   m - +0 pair of gloves
MR       .....                  (no boots)
Stlth    ++........             (no amulet)
HPRegen  0.19/turn              (no ring)
MPRegen  0.17/turn              (no ring)

@: very slightly contaminated
A: breathe fire, unfitting armour, fire resistance 1, cold-blooded, AC +6
a: Breathe Fire


You were on level 6 of the Dungeon.
You were not hungry.

You visited 1 branch of the dungeon, and saw 6 of its levels.

You collected 253 gold pieces.

Inventory:

Hand Weapons
 d - a +0 hunting sling
   (You found it on level 1 of the Dungeon)
 C - a +0 shortbow (weapon)
   (You took it off a centaur on level 6 of the Dungeon)
Missiles
 b - 110 stones
 j - 37 bolts
 o - 13 sling bullets
 r - 30 poisoned darts
 s - 9 silver javelins
 w - 20 arrows (quivered)
 D - a throwing net {!f}
Armour
 m - a +0 pair of gloves (worn)
   (You found it on level 2 of the Dungeon)
Jewellery
 l - an uncursed ring of protection from magic
   (You took it off an orc on level 3 of the Dungeon)
 A - an uncursed ring of protection from fire {unknown}
   (You found it on level 5 of the Dungeon)
Wands
 x - a wand of acid (11)
   (You found it on level 3 of the Dungeon)
 y - a wand of scattershot (4)
   (You found it on level 5 of the Dungeon)
Scrolls
 a - 4 scrolls of remove curse {unknown}
 f - a scroll of immolation {unknown}
 g - 8 scrolls of identify {unknown}
 h - 2 scrolls of enchant weapon {unknown}
 n - 2 scrolls of noise {unknown}
 p - a scroll of random uselessness {unknown}
 v - a scroll of fear {unknown}
 B - a scroll of amnesia {unknown}
Potions
 c - 3 potions of flight {unknown}
 i - 2 potions of lignification {unknown}
 k - 2 potions of curing {@q1}
 q - 2 potions of degeneration {unknown}
 t - 3 potions of might {unknown}
 u - a potion of heal wounds {unknown}
 z - a potion of invisibility {unknown}
 E - a potion of resistance {unknown}
Comestibles
 e - 3 rations {!d}
 F - 4 chunks of flesh


   Skills:
 - Level 1.7 Dodging
 - Level 1.7 Stealth
 + Level 9.1 Spellcasting
 - Level 4.0 Conjurations


You had 11 spell levels left.
You knew the following spells:

 Your Spells              Type           Power        Failure   Level  Hunger
a - Magic Dart            Conj           ###.         1%          1    None
b - Dazzling Spray        Conj/Hex       ###...       12%         3    None
c - Force Lance           Conj/Tloc      ###.....     36%         4    ###....
s - Searing Ray           Conj           ###...       2%          2    None
x - Iskenderun's Mystic   Conj           ###.....     17%         4    ###....

Your spell library contained the following spells:

 Spells                   Type           Power        Failure   Level  Hunger
 Fulminant Prism          Conj/Hex       ###.......   36%         4    ###....
 Leda's Liquefaction      Hex/Erth       #.........   65%         4    ###....
 Bolt of Magma            Conj/Fire/Erth ##........   80%         5    #####..
 Iron Shot                Conj/Erth      ###.......   99%         6    ######.
 Statue Form              Tmut/Erth      #........    100%        6    ######.
 Shatter                  Erth           #.........   100%        9    #######


Dungeon Overview and Level Annotations

Branches:
Dungeon (6/15)
 Temple: D:4-7

Altars:
Cheibriados
Elyvilon
Makhleb
Qazlal
Ru
Sif Muna
Trog
Uskayaw
Wu Jian


Innate Abilities, Weirdness & Mutations

You can breathe blasts of fire.
Your fiery red scales are hard. (AC +6)
You cannot fit into any form of body armour.
Your flesh is heat resistant. (rF+)
You are cold-blooded and may be slowed by cold attacks.


Message History

Firing (i - inventory. (/) - cycle)
w - 26 arrows (quivered)
Aim: an orc, wearing a +0 leather armour (almost dead)
You shoot an arrow. The arrow hits the orc.
You kill the orc!
Unknown command.
Firing (i - inventory. (/) - cycle)
w - 25 arrows (quivered)
Aim: a killer bee zombie You shoot an arrow.
The arrow hits the killer bee zombie.
Something hits you.
* * * LOW HITPOINT WARNING * * *
Firing (i - inventory. (/) - cycle)
w - 24 arrows (quivered)
Aim: a killer bee zombie (lightly damaged)
You shoot an arrow. The arrow hits the killer bee zombie.
Something hits you.
* * * LOW HITPOINT WARNING * * *
Unknown command.
Firing (i - inventory. (/) - cycle)
w - 23 arrows (quivered)
Aim: a killer bee zombie (lightly damaged)
You shoot an arrow. The arrow misses the killer bee zombie.
Something hits you.
* * * LOW HITPOINT WARNING * * *
Aim: a killer bee zombie (lightly damaged)
The searing ray hits something. (Press . to maintain the ray.)
Something hits you.
* * * LOW HITPOINT WARNING * * *
The searing ray hits something!
Something hits you.
* * * LOW HITPOINT WARNING * * *
Unknown command.
The searing ray hits the killer bee zombie!
Something hits you.
* * * LOW HITPOINT WARNING * * *
Unknown command.
Without enough magic to sustain it, your searing ray dissipates.
Something hits you!
* * * LOW HITPOINT WARNING * * *
Firing (i - inventory. (/) - cycle)
w - 22 arrows (quivered)
Aim: a killer bee zombie (heavily damaged)
You shoot an arrow. The arrow hits the killer bee zombie!
Something hits you but does no damage.
Unknown command.
Firing (i - inventory. (/) - cycle)
w - 21 arrows (quivered)
Aim: a killer bee zombie (almost destroyed)
You shoot an arrow.
The arrow closely misses the killer bee zombie.
An orc wizard appears from thin air!
Reactivating autopickup.
The orc wizard hits you with a +0 rapier.
You die...

####.# #....# ###
#.#### ..# #.# #.#
##.# #.# ##..# #.#
##.#.##
#######(#####.###.##
#(.(.÷..Zo@..## ##.#
....##(##.#####.###.##
#((.((.##.# ##.#>##
l(.Z.(...#.### #...#
##(#####.#..÷#
#...##### # .###.#
#.......# .. #.#
#..####.# .# #.# #..#
#.# ## ### ##.# #.#


You could see an orc wizard and a killer bee zombie.

Vanquished Creatures
  An ice beast (D:6)
  A phantom (D:6)
  2 centaurs
  A scorpion (D:5)
  A bullfrog zombie (D:3)
  2 crimson imps
  2 jellies (D:5)
  An iguana (D:3)
  Jessica (D:2)
  A bullfrog skeleton (D:5)
  Terence (D:2)
  2 orc wizards
  5 worker ants
  Robin (D:2)
  4 gnolls (D:4)
  7 adders
  2 shadow imps
  3 oozes
  3 adder skeletons
  6 worms
  5 dart slugs
  7 leopard geckos
  14 orcs
  4 ball pythons
  4 bats
  7 giant cockroaches
  19 goblins
  7 hobgoblins
  9 jackals
  10 kobolds
  A quokka (D:4)
  A ball python skeleton (D:5)
  2 frilled lizards
  A leopard gecko skeleton (D:4)
  2 quokka skeletons (D:5)
  8 rats
148 creatures vanquished.

Notes
Turn   | Place    | Note
-------+----------+-------------------------------------------
     0 | D:1      | MalarOregon the Draconian Conjurer began the quest for the
                  | Orb.
     0 | D:1      | Reached XP level 1. HP: 14/14 MP: 3/3
   186 | D:1      | Reached XP level 2. HP: 6/20 MP: 0/5
   474 | D:1      | Reached skill level 3 in Spellcasting
   827 | D:1      | Reached XP level 3. HP: 26/26 MP: 4/7
  1318 | D:2      | Identified the cursed +0 helmet "Cuupt" {-Cast MR+ Regen+
                  | Stlth+}
  1318 | D:2      | Noticed Robin
  1517 | D:2      | Killed Robin
  1517 | D:2      | Reached skill level 4 in Spellcasting
  1521 | D:2      | Reached XP level 4. HP: 21/33 MP: 3/10
  1775 | D:2      | Found a burning altar of Makhleb.
  1775 | D:2      | Found a stormy altar of Qazlal.
  1785 | D:2      | Found a shimmering blue altar of Sif Muna.
  1786 | D:2      | Found a bloodstained altar of Trog.
  1950 | D:2      | Noticed Jessica
  1953 | D:2      | Killed Jessica
  2289 | D:2      | Noticed Terence
  2345 | D:1      | Learned a level 2 spell: Searing Ray
  2349 | D:1      | Learned a level 3 spell: Dazzling Spray
  2354 | D:1      | Learned a level 4 spell: Iskenderun's Mystic Blast
  2431 | D:2      | Killed Terence
  2431 | D:2      | Reached skill level 5 in Spellcasting
  2431 | D:2      | Reached XP level 5. HP: 16/38 MP: 4/12
  2738 | D:2      | Learned a level 4 spell: Force Lance
  3831 | D:3      | Reached XP level 6. HP: 44/45 MP: 3/14
  3891 | D:3      | Reached skill level 6 in Spellcasting
  4046 | D:3      | Found a hide-covered altar of Uskayaw.
  4046 | D:3      | Found a snail-covered altar of Cheibriados.
  4046 | D:3      | Found a white marble altar of Elyvilon.
  4069 | D:3      | Found a sacrificial altar of Ru.
  5489 | D:5      | Entered Level 5 of the Dungeon
  5499 | D:5      | Reached skill level 7 in Spellcasting
  5530 | D:5      | Your scales start taking on a fiery red colour.
  5530 | D:5      | Reached XP level 7. HP: 40/50 MP: 8/17
  5530 | D:5      | Gained mutation: Your flesh is heat resistant. (rF+) [Red
                  | Draconian growth]
  6884 | D:5      | Reached skill level 8 in Spellcasting
  7087 | D:5      | Found an ornate altar of the Wu Jian Council.
  7492 | D:6      | Reached XP level 8. HP: 34/57 MP: 11/20
  7600 | D:6      | Reached skill level 9 in Spellcasting
  7740 | D:6      | Slain by an orc wizard

Levels and vault maps discovered:
D:1:      dpeg_arrival_rooms_b, layout_loops_ring, minmay_pentomino_u2
D:2:      layout_basic, minitemple, uniq_terence, uniq_jessica, uniq_robin
D:3:      layout_basic, grunt_temple_overflow_cloverleaf,
          minmay_misc_feat_ornament
D:4:      layout_layer_cave, first_ration
D:5:      layout_basic, nicolae_overflow_crystal_walls
D:6:      layout_loops_ring, lemuel_zombie_altar_yredelemnul,
          minmay_temple_entry_mist, grunt_ashenzari_visionary
          [grunt_ashenzari_visionary_swamp, grunt_ashenzari_visionary_snake],
          uniq_sigmund

Skill      XL: |  1  2  3  4  5  6  7  8 |
---------------+-------------------------+-----
Spellcasting   | 3 4 5 7 8 9 |  9.1
Dodging        | |  1.7
Stealth        | |  1.7
Conjurations   | |  4.0

Action                   |  1- 3 |  4- 6 |  7- 9 || total
-------------------------+-------+-------+-------++-------
Melee: Hunting sling     |       |     1 |       ||     1
 Fire: Hunting sling     |    62 |   204 |   114 ||   380
       Shortbow          |       |       |    52 ||    52
Throw: Dart              |       |     2 |       ||     2
 Cast: Magic Dart        |    63 |   113 |    15 ||   191
       Searing Ray       |       |     5 |     1 ||     6
       Dazzling Spray    |       |     1 |       ||     1
       Iskenderun's Myst |       |    13 |    22 ||    35
 Abil: Breathe Fire      |       |       |     5 ||     5
  Use: Potion            |       |     1 |       ||     1
  Eat: Chunk             |     2 |    11 |     4 ||    17
       Ration            |       |     1 |     2 ||     3
Armor: Skin              |    19 |    44 |    18 ||    81
Dodge: Dodged            |    57 |    95 |    58 ||   210

Table legend:
 A = Non-vault XP
 B = Vault XP
 C = Vault XP percentage of total XP
 D = Non-vault monster count
 E = Vault monster count
 F = Vault count percentage of total count
                 A         B        C        D         E       F
            +---------+---------+-------+---------+---------+-------
      Total |    1528 |     113 |   6.9 |     133 |      15 |  10.1
            +---------+---------+-------+---------+---------+-------
        D:1 |      57 |       9 |  13.6 |      28 |       2 |   6.7
        D:2 |      62 |     104 |  62.7 |      18 |      13 |  41.9
        D:3 |     259 |       0 |   0.0 |      36 |       0 |   0.0
        D:4 |     160 |       0 |   0.0 |      17 |       0 |   0.0
        D:5 |     486 |       0 |   0.0 |      21 |       0 |   0.0
        D:6 |     504 |       0 |   0.0 |      13 |       0 |   0.0
            +---------+---------+-------+---------+---------+-------
